 Dungeon Crawl Stone Soup version 0.20-a0-277-g7db01f4 (webtiles) character file.

686223 nubinia the Ruinous (level 27, -4/189 HPs)
             Began as a Gargoyle Fire Elementalist on Dec 4, 2016.
             Was a High Priest of Sif Muna.
             Slain by a golden dragon (10 damage)
             ... on level 1 of the Realm of Zot on Dec 12, 2016.
             The game lasted 13:07:52 (106945 turns).

nubinia the Ruinous (Gargoyle Fire Elementalist)  Turns: 106945, Time: 13:07:54

Health: -4/189     AC: 49    Str: 12    XL:     27
Magic:  17/47      EV: 20    Int: 32    God:    Sif Muna [*****.]
Gold:   4406       SH: 10    Dex: 22    Spells: 3/66 levels left

rFire  + . .     SeeInvis +     a - +9 flail (protect)
rCold  + . .     Gourm    .     D - +6 faerie dragon scales {MR+ rCorr}
rNeg   + . .     Faith    .     g - +3 buckler {AC+3}
rPois  ∞         Spirit   .     Q - +0 mask of the Dragon {MR+ Slay+3 SInv}
rElec  +         Reflect  +     T - +2 cloak {MR+}
rCorr  +         Harm     .     Z - -1 pair of gloves of the Blessed Realm {rPois rF+ Slay+3}
MR     ++++.                    x - +2 pair of boots
Stlth  ++++......               A - amulet "Dilaidoh" {Reflect MR- Int+8 Dex+4 SH+3}
                                S - +5 ring of slaying
                                f - ring "Hyfun" {rElec rC+ EV+2 Str-2 Dex+5}

@: divine energy
A: big wings, thin metallic scales 1, negative energy resistance 1, sense
surroundings 1, robust 1, electricity resistance, unbreathing, petrification
resistance, rot immunity, MP-powered wands, AC +20
}: 4/15 runes: serpentine, barnacled, slimy, silver
a: Fly, Stop Divine Energy, Channel Magic, Forget Spell, Renounce Religion


You were on level 1 of the Realm of Zot.
You worshipped Sif Muna.
Sif Muna was extremely pleased with you.
You were not hungry.

You visited 12 branches of the dungeon, and saw 54 of its levels.
You visited 1 bazaar.
You also visited: Ossuary, Ice Cave and Volcano.

You collected 9462 gold pieces.
You spent 5056 gold pieces at shops.

Inventory:

Hand Weapons
 a - a +9 flail of protection (weapon)
 b - the +9 shortbow of the Jolly Eyes {flame, rN+ Dex+7}
   (You found it on level 6 of the Dungeon)

   It causes projectiles fired from it to burn those they strike, causing extra
   injury to most foes and up to half again as much damage against particularly
   susceptible opponents.
   It affects your dexterity (+7).
   It protects you from negative energy.
 l - the +7 scimitar "Plog" {protect, *Rage rPois rF+++ Int+2}
   (You bought it in a shop in a bazaar)

   It protects the one who uses it against injury (+AC on strike).
   It affects your intelligence (+2).
   It renders you almost immune to fire.
   It protects you from poison.
   It may make you go berserk in combat.
 O - the +7 lajatang of Order {silver, rMut}
   (You found it on level 1 of the Depths)

   It protects you from mutation.
Missiles
 L - 1321 arrows
Armour
 g - a +3 buckler of protection (worn)
 x - a +2 pair of boots (worn)
 D - the +6 faerie dragon scales (worn) {MR+ rCorr}
   (You took it off the Enchantress on level 2 of the Depths)

   It affects your resistance to hostile enchantments.
   It protects you from acid and corrosion.
 Q - the +0 mask of the Dragon (worn) {MR+ Slay+3 SInv}
   (You acquired it on level 2 of the Orcish Mines)

   It affects your accuracy and damage with ranged weapons and melee attacks
   (+3).
   It affects your resistance to hostile enchantments.
   It lets you see invisible.
 T - a +2 cloak of magic resistance (worn)
 Z - the -1 pair of gloves of the Blessed Realm (worn) {rPois rF+ Slay+3}
   (You found it in an ice cave)

   It affects your accuracy and damage with ranged weapons and melee attacks
   (+3).
   It protects you from fire.
   It protects you from poison.
Jewellery
 f - the ring "Hyfun" (left hand) {rElec rC+ EV+2 Str-2 Dex+5}
   (You found it on level 6 of the Lair of Beasts)

   [ring of evasion]

   It affects your evasion (+2).
   It affects your strength (-2).
   It affects your dexterity (+5).
   It protects you from cold.
   It insulates you from electricity.
 m - an uncursed ring of protection from fire
 t - an uncursed ring of protection from cold
 A - the amulet "Dilaidoh" (around neck) {Reflect MR- Int+8 Dex+4 SH+3}
   (You bought it in a shop on level 5 of the Dungeon)

   [amulet of reflection]

   It shields you and reflects attacks.
   It affects your intelligence (+8).
   It affects your dexterity (+4).
   It affects your resistance to hostile enchantments.
   It affects your SH (+3).
 B - the amulet of Xom's Malicious Joy {rPois rN++ Regen+ Dex-2 SInv}
   (You took it off a vault sentinel on level 5 of the Vaults)

   [amulet of regeneration]

   It affects your dexterity (-2).
   It protects you from poison.
   It greatly protects you from negative energy.
   It lets you see invisible.
   It increases your rate of regeneration.
 H - the ring "Jekif" {EV+3 Str+3 Dex+4}
   (You took it off a fire giant on level 5 of the Vaults)

   [ring of evasion]

   It affects your evasion (+3).
   It affects your strength (+3).
   It affects your dexterity (+4).
 P - the amulet "Toinuy" {rF+ rC+ Regen+ Str-5 Dex+5}
   (You found it on level 2 of the Vaults)

   [amulet of regeneration]

   It affects your strength (-5).
   It affects your dexterity (+5).
   It protects you from fire.
   It protects you from cold.
   It increases your rate of regeneration.
 S - a +5 ring of slaying (right hand)
Wands
 k - a wand of iceblast (12/15)
 u - a wand of teleportation (3/9)
 V - a wand of digging (10/24)
Scrolls
 c - 4 scrolls of fog
 d - 3 scrolls of summoning
 e - 7 scrolls of recharging
 i - 11 scrolls of identify
 j - 6 scrolls of fear
 n - 11 scrolls of teleportation
 p - 14 scrolls of remove curse
 y - 7 scrolls of magic mapping
 X - 5 scrolls of blinking
 Y - 2 scrolls of holy word
Potions
 h - a potion of cure mutation
 q - 17 potions of curing
 s - a potion of invisibility
 w - 7 potions of agility
 z - 3 potions of cancellation
 E - 10 potions of heal wounds
 F - 8 potions of brilliance
 G - 7 potions of resistance
 I - 2 potions of magic
 R - 6 potions of haste
 U - 5 potions of might
Miscellaneous
 r - a lamp of fire
 v - a phial of floods
 C - 2 sacks of spiders
 J - a fan of gales
 M - 3 phantom mirrors
 N - a disc of storms
Comestibles
 o - 46 fruits
 K - 25 chunks of flesh


   Skills:
 + Level 17.6 Fighting
 + Level 12.6 Maces & Flails
 + Level 16.0 Bows
 + Level 14.5 Armour
 - Level 8.5 Dodging
 + Level 6.8 Stealth
 - Level 0.2 Unarmed Combat
 + Level 20.0 Spellcasting
 * Level 24.0 Conjurations
   Level 1.4 Hexes
 + Level 8.1 Charms
 + Level 8.4 Translocations
 + Level 0.1 Transmutations
 + Level 16.0 Fire Magic
 + Level 12.5 Ice Magic
 + Level 4.9 Air Magic
 + Level 17.1 Earth Magic
 + Level 2.1 Invocations
 + Level 2.2 Evocations


You had 3 spell levels left.
You knew the following spells:

 Your Spells              Type           Power        Failure   Level  Hunger
a - Throw Flame           Conj/Fire      ######       0%          2    None
b - Iskenderun's Mystic   Conj           ########     0%          4    None
c - Delayed Fireball      Conj/Fire      N/A          1%          7    ##.....
d - Sticky Flame          Conj/Fire      ########     0%          4    None
e - Fireball              Conj/Fire      ########..   0%          5    None
f - Force Lance           Conj/Tloc      #######.     1%          4    None
g - Shroud of Golubria    Chrm/Tloc      ######....   1%          2    None
h - Bolt of Fire          Conj/Fire      ########..   1%          6    None
i - Passwall              Tmut/Erth      ######....   1%          2    None
j - Blink                 Tloc           N/A          1%          2    None
k - Apportation           Tloc           ######....   1%          1    None
l - Lee's Rapid Deconstr  Erth           #######...   1%          5    None
m - Bolt of Cold          Conj/Ice       #######...   1%          6    None
n - Bolt of Draining      Conj/Necr      #######...   1%          5    None
p - Portal Projectile     Tloc           ######       1%          3    None
q - Deflect Missiles      Chrm/Air       ######....   24%         6    None
R - Regeneration          Chrm/Necr      ######....   1%          3    None
S - Animate Skeleton      Necr           N/A          2%          1    None


Dungeon Overview and Level Annotations

Branches:
Dungeon (15/15)            Temple (1/1) D:5            Lair (6/6) D:11
 Shoals (4/4) Lair:3        Snake (4/4) Lair:4        Slime (5/5) Lair:5
    Orc (2/2) D:11            Elf (3/3) Orc:2        Vaults (5/5) D:13
  Crypt (3/3) Vaults:3       Tomb (0/3) Crypt:3      Depths (5/5) D:15
    Zot (1/5) Depths:5

Altars:
Ashenzari
Cheibriados
Dithmenos
Elyvilon
Fedhas
Gozag
Hepliaklqana
Kikubaaqudgha
Makhleb
Nemelex Xobeh
Okawaru
Qazlal
Ru
Sif Muna
Trog
Uskayaw
Vehumet
Xom
Yredelemnul
Zin
The Shining One
Beogh
Jiyva

Shops:
D:5 =   D:6 (   D:8 (!   Orc:2 ?***   Elf:3 *:   Shoals:3 [   Snake:1 %
Snake:4 *   Vaults:1 ?   Depths:1 *   Depths:3 *   Depths:4 }=}   Depths:5 **(!

Portals:
Hell: Depths:1 Depths:2 Depths:3 Depths:4 Depths:5
Abyss: Depths:1 Depths:4
Pandemonium: Depths:3
Ziggurat: Depths:4

Annotations:
Slime:4 Dissolution
Slime:5 Royal Jelly


Innate Abilities, Weirdness & Mutations

You are resistant to torment.
Your stone body is resilient. (AC +20)
You are immune to poison.
Your large and strong wings let you fly indefinitely.
You resist negative energy. (rN+)
You are resistant to electric shocks. (rElec)
You can survive without breathing.
You are immune to petrification.
You are immune to rotting.
You are partially covered in thin metallic scales. (AC +2)
You passively map a small area around you.
You are robust. (+10% HP)
You expend magic power (3 MP) to strengthen your wands.


Message History

The golden dragon tramples you but does no damage.
You block the golden dragon's attack.
The golden dragon claws you but does no damage.
The golden dragon tramples you!
* * * LOW HITPOINT WARNING * * *
You stumble backwards!
You feel much better. You block the golden dragon's attack.
The golden dragon misses you. The golden dragon closely misses you.
Casting: Bolt of Draining
Confirm with . or Enter, or press ? or * to list all spells.
Aiming: Force Lance
Press: ? - help, Shift-Dir - straight line, f - golden dragon
Aim: a golden dragon (berserk, fast, unusually strong)
The lance of force hits the golden dragon.
The golden dragon is lightly wounded.
The golden dragon bites you!!
* * * LOW HITPOINT WARNING * * *
The golden dragon claws you but does no damage.
The golden dragon tramples you!
You die...

...#####.).##....####* ,
.........C........... ,,
..........C.......... **
.....................
#.......####...##... * ,
........####...########.
..........)..[.y..).....
*
..........:....D.)......
................@.).....
..................######
#.%#####...##....## #..#
#...##..### #..#
#...##.}# #..# ######..#
#..# #..# #..# #., ....,
*


You could see 2 titans, a golden dragon (berserk) and a moth of wrath.

Vanquished Creatures
  Mennas (Vaults:4)
  3 ancient liches
  2 juggernauts
  Boris (Depths:4)
  Margery (Vaults:2)
  Xtahua (Crypt:2)
  Vashnia (Snake:2)
  A caustic shrike (Depths:4)
  A golden dragon (Zot:1)
  Jory (Vaults:3)
  Nikola (Elf:2)
  A bone dragon (Depths:5)
  the Enchantress (Depths:2)
  Jorgrun (Elf:2)
  Rupert (Lair:3)
  6 liches
  4 tentacled monstrosities
  4 titans
  10 sphinxes
  4 deep elf blademasters (Elf:3)
  4 quicksilver dragons
  2 ancient champions
  2 death cobs
  11 acid blobs
  Gastronok (Lair:1)
  A draconian monk (Depths:5)
  2 storm dragons
  2 revenants
  9 azure jellies
  6 tengu reavers
  5 shadow dragons
  Donald (Shoals:2)
  10 nagarajas
  Ilsuiw (Shoals:3)
  A daeva (Depths:4)
  A draconian knight (Depths:5)
  Kirke (Shoals:1)
  3 orc warlords
  A caustic shrike zombie (Depths:1)
  An iron dragon (Depths:4)
  14 fire giants
  15 frost giants
  11 deep elf sorcerers
  23 vault wardens
  Louise (Shoals:2)
  2 angels (Depths:4)
  8 ghouls
  2 curse skulls
  A draconian scorcher (Depths:5)
  7 deep elf elementalists
  4 spriggan defenders
  25 ironheart preservers
  A draconian stormcaller (Depths:5)
  A reaper (Crypt:2)
  6 war gargoyles
  33 stone giants
  12 very ugly things
  2 caustic shrike skeletons
  2 green draconians
  6 entropy weavers
  Azrael (D:12)
  8 vampire knights
  3 yellow draconians
  11 deep elf demonologists
  3 purple draconians
  3 red draconians
  3 spark wasps
  11 deep elf annihilators
  A black draconian (Depths:5)
  A white draconian (Zot:1)
  5 merfolk javelineers
  2 death oozes
  5 eidola
  6 deep elf death magi
  19 yaktaur captains
  Snorg (Lair:3)
  13 ettins
  A quicksilver dragon zombie (Vaults:5)
  9 jiangshi
  A crystal guardian (Vaults:4)
  The ghost of XO4YCPATb the Blocker, a journeyman TrHu of Cheibriados (IceCv)
  5 deep elf high priests
  Josephine (D:11)
  27 vault guards
  21 ogre magi
  17 great orbs of eyes
  12 merfolk impalers
  12 fire dragons
  16 ice dragons
  20 naga warriors
  6 rakshasas
  Fannar (Lair:1)
  8 hydras
  11 spriggan air magi
  2 merfolk avatars
  14 centaur warriors
  An alligator snapping turtle (Shoals:3)
  15 anacondas
  7 death knights
  2 catoblepae
  30 dancing weapons
  3 merfolk aquamancers
  2 satyrs (Shoals:4)
  An alligator (Lair:6)
  10 deep troll earth magi
  14 deep troll shamans
  7 vampire magi
  2 tengu warriors
  A titan zombie (Vaults:5)
  5 spriggan berserkers
  4 shock serpents
  25 hell knights
  2 orc high priests (Depths:1)
  Urug (D:13)
  20 naga sharpshooters
  26 deep elf knights
  Sonja (D:11)
  2 soul eaters
  The ghost of anet the Sneak, a novice HEWz of Ashenzari (D:9)
  A hellephant skeleton (Crypt:2)
  2 storm dragon zombies
  3 shadow wraiths
  6 salamander mystics
  10 iron trolls
  18 skeletal warriors
  25 deep trolls
  8 unseen horrors
  11 sea snakes
  10 hill giants
  28 deep elf archers
  3 glowing orange brains
  A kraken simulacrum (Shoals:4)
  11 naga ritualists
  10 wizards
  A tengu zombie (Vaults:4)
  24 phantasmal warriors
  10 flayed ghosts
  A hill giant (shapeshifter) (Vaults:3)
  25 ironbrand convokers
  2 lindwurms (Lair:6)
  14 necromancers
  31 harpies
  2 golden dragon skeletons (Crypt:3)
  A harpy (shapeshifter) (D:15)
  17 mana vipers
  An orb spider (shapeshifter) (Depths:4)
  64 deep elf magi
  A mana viper (shapeshifter) (Depths:2)
  A shadow dragon skeleton (Vaults:5)
  33 orc knights
  5 orc sorcerers
  A fire giant zombie (Vaults:5)
  7 fauns
  4 shining eyes
  A frost giant zombie (Vaults:4)
  7 cyclopes
  2 manticores (shapeshifter)
  A moth of wrath (shapeshifter) (Vaults:5)
  43 ugly things
  2 stone giant skeletons (Vaults:4)
  An iron dragon skeleton (Depths:1)
  7 moths of wrath
  A cyclops (shapeshifter) (Vaults:5)
  2 sphinx skeletons
  14 manticores
  2 frost giant skeletons
  Joseph (D:7)
  5 wolf spiders
  12 salamanders
  4 smoke demons (Crypt:3)
  8 guardian serpents
  2 fire giant skeletons (Vaults:5)
  15 elephants
  5 toenail golems (Volcano)
  A molten gargoyle (Depths:1)
  24 vault sentinels
  20 naga magi
  A titan simulacrum (Vaults:4)
  4 merfolk sirens
  5 water nymphs
  41 black mambas
  An ice statue (IceCv)
  16 spiny frogs
  7 gargoyles
  5 torpor snails (Lair:6)
  An eye of devastation (Slime:5)
  4 kobold demonologists (D:15)
  2 rime drakes (Lair:6)
  21 freezing wraiths
  86 yaktaurs
  8 komodo dragons
  An entropy weaver simulacrum (Vaults:1)
  7 tengu conjurers
  A yaktaur skeleton (Vaults:5)
  A yaktaur (shapeshifter) (Vaults:2)
  2 guardian mummies (Crypt:3)
  24 merfolk
  9 swamp worm zombies (Crypt:1)
  A jumping spider (Vaults:4)
  2 elf skeletons (Depths:4)
  2 meliai (shapeshifter)
  3 red devils (Crypt:3)
  14 trolls
  Grinder (D:3)
  10 snapping turtles
  10 wind drakes
  14 polar bears
  A wolf spider simulacrum (IceCv)
  A hornet (shapeshifter) (Vaults:2)
  18 hornets
  28 two-headed ogres
  A spriggan zombie (Depths:1)
  76 slime creatures
  A harpy skeleton (Crypt:3)
  10 blink frogs
  2 tengu simulacra
  2 raiju (shapeshifter)
  3 tyrant leeches
  A bog body (Crypt:2)
  8 dream sheep
  A satyr zombie (Crypt:1)
  A meliai zombie (D:12)
  A fire dragon skeleton (Crypt:3)
  18 hippogriffs
  6 flying skulls (Crypt:1)
  12 shadows
  9 air elementals
  A black mamba zombie (Crypt:2)
  3 large abominations (Depths:1)
  2 redbacks (Vaults:4)
  16 water elementals
  8 spriggans
  16 wraiths
  An ice dragon skeleton (Crypt:3)
  3 wyverns
  A human (shapeshifter) (Depths:2)
  An ushabti (Crypt:3)
  A wind drake zombie (Crypt:2)
  16 humans (D:13)
  5 fire elementals
  4 fire bats (Depths:2)
  26 yaks
  A yak (shapeshifter) (Depths:2)
  2 golden eyes (Slime:5)
  A basilisk (shapeshifter) (Depths:1)
  2 hogs
  7 hungry ghosts
  6 basilisks
  A chaos spawn (Depths:1)
  6 vampire mosquitoes
  Menkaure (D:7)
  A human simulacrum (Vaults:3)
  7 small abominations (Depths:1)
  20 wargs
  74 nagas
  An infernal demonspawn zombie (Crypt:2)
  6 acid dragons
  20 water moccasins
  3 floating eyes
  16 hell hounds
  A hell hound (shapeshifter) (D:13)
  A soldier ant (D:11)
  An infernal demonspawn skeleton (Crypt:1)
  12 porcupines
  61 orc warriors
  9 ice beasts
  3 sky beasts
  19 black bears
  2 phantoms
  A black bear (shapeshifter) (Vaults:3)
  An elf zombie (Vaults:3)
  5 necrophages
  A dream sheep zombie (Crypt:2)
  3 eyes of draining
  An eye of draining (shapeshifter) (Vaults:2)
  20 wolves
  66 ogres
  16 boggarts
  A manticore skeleton (Crypt:3)
  19 centaurs
  A human zombie (Vaults:3)
  22 crocodiles
  4 big kobolds
  18 bullfrogs
  3 earth elementals
  4 human skeletons
  A deep troll simulacrum (Vaults:5)
  A cyclops skeleton (Crypt:2)
  2 wyvern skeletons
  A scorpion (shapeshifter) (Elf:3)
  3 scorpions
  A raiju zombie (Crypt:2)
  4 killer bees (D:9)
  10 wights
  An electric eel (Elf:3)
  2 howler monkeys
  14 crimson imps
  A bullfrog zombie (D:9)
  2 centaur zombies
  5 draconian simulacra (IceCv)
  22 orc priests
  6 hounds
  Crazy Yiuf (D:7)
  5 bullfrog skeletons
  25 orc wizards
  4 centaur skeletons
  6 iguanas
  16 jellies
  5 troll simulacra (IceCv)
  9 worker ants
  A spriggan simulacrum (IceCv)
  3 wolf simulacra (IceCv)
  2 centaur simulacra (IceCv)
  A hound skeleton (D:8)
  16 mummies
  Robin (D:3)
  4 gnolls (D:4)
  2 hell rat skeletons
  3 howler monkey skeletons
  15 adders
  6 naga simulacra (IceCv)
  An ogre simulacrum (IceCv)
  2 shadow imps
  12 white imps (IceCv)
  An ooze (shapeshifter) (Depths:2)
  3 adder zombies
  An iguana zombie (Crypt:1)
  An adder skeleton (Crypt:1)
  4 worms
  6 leopard geckos
  112 orcs
  7 bats
  3 giant cockroaches
  20 goblins
  13 hobgoblins
  11 jackals
  8 kobolds
  2 quokkas
  2 ball pythons
  4 frilled lizards
  2 hobgoblin zombies (Ossuary)
  A jackal skeleton (Crypt:1)
  3 kobold zombies (Ossuary)
  3 orc zombies (Ossuary)
  A quokka zombie (D:9)
  9 rats
  A spectral orc (D:6)
  A fungus (D:6)
  3 plants
2838 creatures vanquished.

Vanquished Creatures (collateral kills)
  3 tentacled monstrosities
  A titan (Zot:1)
  2 sphinxes
  2 frost giants
  2 fire giants
  2 vault wardens (Vaults:5)
  An iron dragon (Vaults:4)
  A draconian annihilator (Zot:1)
  An ironheart preserver (Vaults:5)
  5 stone giants
  A very ugly thing (Vaults:5)
  5 ettins
  4 yaktaur captains
  A great orb of eyes (Depths:4)
  A rakshasa (Depths:2)
  4 vault guards (Vaults:4)
  2 spriggan air magi
  2 ice dragons
  A tengu warrior (Depths:1)
  A deep troll earth mage (Depths:3)
  A deep troll shaman (Depths:4)
  A hell knight (Depths:4)
  A sun demon (Depths:5)
  A spriggan berserker (Depths:1)
  A spriggan (Depths:4)
  A deep elf knight (Vaults:4)
  An iron troll (Depths:4)
  2 slime creatures (Depths:2)
  3 deep trolls
  A phantasmal warrior (Vaults:5)
  A glowing orange brain (shapeshifter) (Vaults:5)
  A hill giant (Zot:1)
  A wolf spider (Vaults:4)
  A necromancer (Vaults:4)
  5 ugly things
  A moth of wrath (Zot:1)
  A frost giant skeleton (Vaults:5)
  A centaur zombie (D:15)
  A vault sentinel (Vaults:4)
  3 yaktaurs
  2 freezing wraiths
  A hornet (shapeshifter) (Vaults:5)
  2 two-headed ogres (Depths:1)
  A hornet (Depths:4)
  A raiju (shapeshifter) (Vaults:5)
  3 air elementals (Depths:5)
  A water elemental (Depths:5)
  A yak (shapeshifter) (Depths:5)
  A small abomination (Depths:1)
  A large abomination (Depths:1)
  6 ogres
  2 centaurs (D:15)
  2 orcs
  3 plants (Depths:5)
98 creatures vanquished.

Vanquished Creatures (others)
  A naga sharpshooter (Snake:2)
  A hill giant (Zot:1)
  A faun (Shoals:2)
  4 yaktaurs
  A tengu conjurer (Depths:1)
  2 humans (Shoals:1)
  An orc (Vaults:4)
  17 fungi
  45 plants
  20 withered plants (Crypt:3)
93 creatures vanquished.

Grand Total: 3029 creatures vanquished

Notes
Turn   | Place    | Note
-------+----------+-------------------------------------------
     0 | D:1      | nubinia the Gargoyle Fire Elementalist began the quest for the Orb.
     0 | D:1      | Reached XP level 1. HP: 10/10 MP: 3/3
   353 | D:1      | Reached XP level 2. HP: 15/15 MP: 3/5
   378 | D:1      | Learned a level 2 spell: Throw Flame
  1160 | D:1      | Reached XP level 3. HP: 15/19 MP: 4/6
  1237 | D:1      | Learned a level 3 spell: Conjure Flame
  1506 | D:2      | Reached skill level 1 in Maces & Flails
  1681 | D:2      | Reached XP level 4. HP: 24/24 MP: 4/7
  2206 | D:3      | Noticed Robin
  2267 | D:3      | Killed Robin
  2267 | D:3      | Reached skill level 2 in Conjurations
  2497 | D:3      | Reached XP level 5. HP: 25/28 MP: 1/9
  2586 | D:3      | Noticed Grinder
  3564 | D:4      | Reached XP level 6. HP: 31/33 MP: 0/10
  4066 | D:4      | Found a sacrificial altar of Ru.
  4423 | D:5      | Entered Level 5 of the Dungeon
  4427 | D:5      | Found a staircase to the Ecumenical Temple.
  4441 | Temple   | Entered the Ecumenical Temple
  4534 | D:5      | Found a sand-covered staircase.
  4541 | Ossuary  | Entered an ossuary
  5138 | Ossuary  | Reached skill level 1 in Fighting
  5327 | D:5      | Found Oreorelu's Jewellery Shoppe.
  5411 | D:5      | Reached skill level 3 in Conjurations
  5434 | D:5      | Reached XP level 7. HP: 24/38 MP: 0/12
  6220 | D:5      | Reached skill level 4 in Conjurations
  6723 | D:5      | Reached skill level 5 in Fire Magic
  6964 | D:6      | Reached XP level 8. HP: 42/43 MP: 10/14
  6976 | D:6      | Got a fine shortbow
  6977 | D:6      | Identified the +9 shortbow of the Jolly Eyes {flame, rN+ Dex+7} (You found it on level 6 of the Dungeon)
  7151 | D:3      | Killed Grinder
  7151 | D:3      | Reached skill level 1 in Bows
  7290 | D:5      | Reached skill level 5 in Conjurations
  7475 | D:6      | Reached skill level 5 in Spellcasting
  7722 | D:6      | Found Hirghanu's Antique Weapon Emporium.
  7753 | D:6      | Bought a dazzling trident for 229 gold pieces
  7753 | D:6      | Identified the +4 trident "Eludeel" {freeze, Int+4} (You bought it in a shop on level 6 of the Dungeon)
  8055 | D:6      | Found a basalt altar of Yredelemnul.
  8742 | D:7      | Noticed Joseph
  8774 | D:7      | Noticed Menkaure
  8777 | D:7      | Reached XP level 9. HP: 33/48 MP: 12/17
  8783 | D:7      | Killed Menkaure
  8783 | D:7      | Reached skill level 6 in Conjurations
  9302 | D:7      | Noticed a hornet
  9307 | D:7      | Learned a level 4 spell: Sticky Flame
  9315 | D:7      | Killed a hornet
 10246 | D:7      | Found a shimmering altar of Xom.
 10247 | D:7      | Found a shimmering altar of Xom.
 10248 | D:7      | Found a shimmering altar of Xom.
 10249 | D:7      | Found a shimmering altar of Xom.
 10437 | D:7      | Found a runed door.
 10441 | D:7      | Noticed Crazy Yiuf
 10447 | D:7      | Killed Crazy Yiuf
 10530 | D:7      | Killed Joseph
 10530 | D:7      | Reached skill level 7 in Conjurations
 10655 | D:7      | Reached XP level 10. HP: 42/54 MP: 8/20
 11063 | D:8      | Found Celeh's Distillery.
 11068 | D:8      | Bought a potion of mutation for 40 gold pieces
 11068 | D:8      | Bought a potion of degeneration for 16 gold pieces
 11660 | D:8      | Found Iqoyramuts's Weapon Shoppe.
 11720 | D:8      | Learned a level 5 spell: Fireball
 11752 | D:8      | Reached skill level 5 in Maces & Flails
 11802 | D:8      | Noticed a two-headed hydra
 11806 | D:8      | Killed a two-headed hydra
 11806 | D:8      | Reached skill level 8 in Conjurations
 11975 | D:9      | Found a deep blue altar of Sif Muna.
 11979 | D:9      | Found a burning altar of Makhleb.
 11984 | D:9      | Became a worshipper of Sif Muna the Loreminder
 12089 | D:9      | Found a radiant altar of Vehumet.
 12091 | D:9      | Found a stormy altar of Qazlal.
 12101 | D:9      | Found a shadowy altar of Dithmenos.
 12102 | D:9      | Noticed anet's ghost (novice HEWz)
 12183 | D:9      | Killed anet's ghost
 12326 | D:9      | Reached XP level 11. HP: 59/61 MP: 5/22
 12552 | D:9      | Found a huge runed gate.
 12552 | D:9      | Found a huge runed gate.
 12552 | D:9      | Found a huge runed gate.
 12552 | D:9      | Found a huge runed gate.
 12553 | D:9      | Noticed a manticore
 13121 | D:9      | Reached * piety under Sif Muna
 13201 | D:9      | Reached skill level 9 in Conjurations
 13311 | D:9      | Killed a manticore
 14276 | D:10     | Entered Level 10 of the Dungeon
 14379 | D:10     | Found an iron altar of Okawaru.
 14941 | D:10     | Reached ** piety under Sif Muna
 15295 | D:11     | Noticed an unseen horror
 15297 | D:11     | Killed an unseen horror
 15401 | D:11     | Learned a level 3 spell: Dazzling Spray
 15521 | D:11     | Found a staircase to the Lair.
 15527 | D:11     | Reached skill level 10 in Conjurations
 15645 | D:11     | Reached XP level 12. HP: 40/67 MP: 4/24
 15937 | D:11     | Noticed Sonja
 15949 | D:11     | Killed Sonja
 15971 | D:11     | Reached *** piety under Sif Muna
 16013 | D:11     | Reached skill level 10 in Fire Magic
 16130 | D:11     | Found a staircase to the Orcish Mines.
 16464 | D:11     | Reached skill level 5 in Bows
 16675 | D:11     | Reached skill level 5 in Fighting
 16830 | D:11     | Noticed Josephine
 16843 | D:11     | Killed Josephine
 17372 | Lair:1   | Entered Level 1 of the Lair of Beasts
 17555 | Lair:1   | Noticed Gastronok
 17576 | Lair:1   | Killed Gastronok
 17576 | Lair:1   | Reached skill level 11 in Conjurations
 17713 | Lair:1   | Reached **** piety under Sif Muna
 18155 | D:5      | Bought the amulet "Dilaidoh" {Reflect MR- Int+8 Dex+4 SH+3} for 689 gold pieces
 18407 | Lair:1   | Got a twisted hand crossbow
 18981 | Lair:1   | Noticed Fannar
 18986 | Lair:1   | Killed Fannar
 18986 | Lair:1   | Reached XP level 13. HP: 73/73 MP: 5/26
 19177 | Lair:2   | Found a dark tunnel.
 19292 | Volcano  | Entered a volcano
 19329 | Volcano  | Reached skill level 1 in Hexes
 19971 | Volcano  | Got a translucent morningstar
 20353 | Lair:2   | Identified the +0 morningstar of Ocoedot {crush, MR+ Str+7 Stlth-} (You found it in a volcano)
 20380 | Lair:2   | Reached ***** piety under Sif Muna
 20473 | Lair:2   | Identified Sif Muna's Early Guide to Theurgy (Sif Muna gifted it to you on level 2 of the Lair of Beasts)
 20473 | Lair:2   | Received a gift from Sif Muna
 20486 | Lair:2   | Learned a level 4 spell: Force Lance
 20611 | Lair:2   | Reached skill level 12 in Conjurations
 20934 | Lair:2   | Reached skill level 10 in Spellcasting
 21516 | Lair:2   | Identified the +9 hand crossbow "Orb Guardian's Doom" {elec, rPois} (You found it on level 1 of the Lair of Beasts)
 21572 | Lair:3   | Reached skill level 1 in Armour
 21976 | Lair:3   | Noticed Rupert
 22012 | Lair:3   | Killed Rupert
 22016 | Lair:3   | Noticed Snorg
 22411 | Lair:3   | Found a staircase to the Shoals.
 23658 | Lair:4   | Found a staircase to the Snake Pit.
 23877 | Lair:5   | Gained mutation: Your large and strong wings let you fly indefinitely. [Gargoyle growth]
 23877 | Lair:5   | Reached XP level 14. HP: 62/80 MP: 16/28
 23879 | Lair:5   | Upgraded the game from 0.20-a0-263-g81abdfb to 0.20-a0-266-gdedccd6
 24065 | Lair:5   | Gained mutation: You are frail. (-10% HP) [potion of mutation]
 24065 | Lair:5   | Gained mutation: Your spells are a little harder to cast, but a little more powerful. [potion of mutation]
 24065 | Lair:5   | Gained mutation: You are somewhat resistant to further mutation. [potion of mutation]
 24419 | Lair:5   | Learned a level 3 spell: Stone Arrow
 24462 | Lair:5   | Found a viscous altar of Jiyva.
 24462 | Lair:5   | Found a staircase to the Slime Pits.
 24581 | Lair:5   | Identified Veaxkol's Guide on Helpful Attacks (Sif Muna gifted it to you on level 5 of the Lair of Beasts)
 24581 | Lair:5   | Received a gift from Sif Muna
 24581 | Lair:5   | Reached skill level 1 in Earth Magic
 24639 | Lair:6   | Entered Level 6 of the Lair of Beasts
 24915 | Lair:6   | Found a runed door.
 25127 | Lair:6   | HP: 1/72 [lindwurm/blast of flame (6)]
 25454 | Lair:6   | Reached skill level 5 in Earth Magic
 25681 | Lair:6   | Learned a level 2 spell: Passwall
 26172 | Lair:6   | Learned a level 5 spell: Lee's Rapid Deconstruction
 27016 | Lair:6   | Reached skill level 10 in Earth Magic
 27092 | Lair:6   | HP: 3/72 [polar bear (13)]
 27755 | Lair:6   | Received a gift from Sif Muna
 27763 | Lair:6   | Learned a level 4 spell: Iskenderun's Mystic Blast
 27954 | Lair:6   | Got a vibrating amber ring
 27955 | Lair:6   | Identified the ring "Hyfun" {rElec rC+ EV+2 Str-2 Dex+5} (You found it on level 6 of the Lair of Beasts)
 28284 | Lair:6   | Reached skill level 5 in Stealth
 28346 | Lair:6   | Reached skill level 13 in Conjurations
 28831 | Lair:6   | Reached skill level 1 in Translocations
 29157 | Lair:3   | Reached XP level 15. HP: 75/75 MP: 3/29
 29280 | Lair:3   | Killed Snorg
 30475 | Orc:1    | Entered Level 1 of the Orcish Mines
 30802 | Orc:2    | Entered Level 2 of the Orcish Mines
 30803 | Orc:2    | Found a staircase to the Elven Halls.
 30932 | Orc:2    | Found a frozen archway.
 31229 | Orc:2    | Reached skill level 5 in Dodging
 31470 | IceCv    | Entered an ice cave
 32210 | IceCv    | Identified Sif Muna's Incunabulum of Good Luck and Orientation (Sif Muna gifted it to you in an ice cave)
 32210 | IceCv    | Received a gift from Sif Muna
 32693 | IceCv    | Found an ancient bone altar of Kikubaaqudgha.
 32989 | IceCv    | Noticed XO4YCPATb's ghost (journeyman TrHu)
 33180 | IceCv    | Killed XO4YCPATb's ghost
 33298 | IceCv    | Got a pair of faintly humming gloves
 33309 | IceCv    | Identified the -1 pair of gloves of the Blessed Realm {rPois rF+ Slay+3} (You found it in an ice cave)
 33321 | IceCv    | Upgraded the game from 0.20-a0-266-gdedccd6 to 0.20-a0-267-g4a7ec2a
 33740 | Orc:2    | Found a roughly hewn altar of Beogh.
 34243 | Orc:2    | Found Puewkyiwn's General Store.
 34243 | Orc:2    | Found Mael's General Store.
 34416 | Orc:2    | Reached skill level 5 in Armour
 34534 | Orc:2    | Found Itauvab's Magic Scroll Shoppe.
 34534 | Orc:2    | Found Hineeg Fiod's Assorted Antiques.
 34556 | Orc:2    | Bought a scroll of acquirement for 676 gold pieces
 34601 | Orc:2    | Bought a potion of experience for 700 gold pieces
 34601 | Orc:2    | Reached XP level 16. HP: 81/81 MP: 30/30
 34829 | Snake:1  | Entered Level 1 of the Snake Pit
 35815 | Lair:4   | Lost mutation: Your spells are a little harder to cast, but a little more powerful. [potion of cure mutation]
 35815 | Lair:4   | Lost mutation: You are frail. (-10% HP) [potion of cure mutation]
 35815 | Lair:4   | Lost mutation: You are somewhat resistant to further mutation. [potion of cure mutation]
 35820 | Lair:4   | Learned a level 3 spell: Ozocubu's Armour
 35878 | Snake:1  | Reached skill level 1 in Ice Magic
 35971 | Snake:1  | Identified Sif Muna's Tome of Freezing Enhancements (Sif Muna gifted it to you on level 1 of the Snake Pit)
 35971 | Snake:1  | Received a gift from Sif Muna
 36129 | Snake:1  | Reached skill level 5 in Ice Magic
 36264 | Snake:1  | Found Veseril's Food Shoppe.
 36307 | Snake:1  | Reached XP level 17. HP: 71/95 MP: 29/32
 36706 | Snake:2  | Noticed Vashnia
 37140 | Snake:2  | Killed Vashnia
 38097 | Snake:2  | Reached skill level 14 in Conjurations
 38533 | Snake:2  | Identified Sif Muna's Grimoire of Conjuration (Sif Muna gifted it to you on level 2 of the Snake Pit)
 38533 | Snake:2  | Received a gift from Sif Muna
 39063 | Snake:3  | Reached skill level 1 in Charms
 40159 | Snake:3  | Reached skill level 10 in Ice Magic
 40169 | Snake:3  | Learned a level 2 spell: Shroud of Golubria
 40356 | Shoals:1 | Entered Level 1 of the Shoals
 40800 | Shoals:1 | Reached skill level 10 in Bows
 41142 | Shoals:1 | Noticed Kirke
 41145 | Shoals:1 | Killed Kirke
 41328 | Shoals:1 | Reached skill level 1 in Evocations
 41501 | Shoals:1 | Reached XP level 18. HP: 101/101 MP: 33/33
 42102 | Shoals:2 | Noticed Louise
 42155 | Shoals:2 | Killed Louise
 42158 | Shoals:2 | Identified Sif Muna's Tome of Ashen Cold (Sif Muna gifted it to you on level 2 of the Shoals)
 42158 | Shoals:2 | Received a gift from Sif Muna
 42648 | Shoals:2 | Noticed Donald
 42668 | Shoals:2 | Killed Donald
 43467 | Shoals:2 | Upgraded the game from 0.20-a0-267-g4a7ec2a to 0.20-a0-268-gb6bde61
 43690 | Shoals:2 | Reached ****** piety under Sif Muna
 43951 | Lair:3   | Learned a level 6 spell: Bolt of Fire
 44043 | Shoals:3 | Found Kexig's Armour Shop.
 44176 | Shoals:3 | Reached skill level 15 in Conjurations
 44889 | Shoals:4 | Entered Level 4 of the Shoals
 44925 | Shoals:4 | Noticed Ilsuiw
 45227 | Shoals:3 | Killed Ilsuiw
 47261 | Shoals:4 | Received a gift from Sif Muna
 47269 | Shoals:4 | Learned a level 2 spell: Repel Missiles
 48035 | Shoals:4 | Got a barnacled rune of Zot
 48519 | Snake:4  | Entered Level 4 of the Snake Pit
 48697 | Snake:4  | Reached XP level 19. HP: 108/108 MP: 17/35
 48959 | Snake:4  | Reached skill level 16 in Conjurations
 49884 | Snake:4  | Found Uzusim's General Store.
 49909 | Snake:4  | Identified Sif Muna's Guide on Arcane Weapons (Sif Muna gifted it to you on level 4 of the Snake Pit)
 49909 | Snake:4  | Received a gift from Sif Muna
 49919 | Snake:4  | Learned a level 7 spell: Delayed Fireball
 50037 | Snake:4  | Got an iridescent hunting sling
 50038 | Snake:4  | Identified the +9 hunting sling "Grim Tooth" {velocity, rF+ MR+} (You took it off a naga on level 4 of the Snake Pit)
 51976 | Snake:4  | Got a serpentine rune of Zot
 53081 | Elf:1    | Entered Level 1 of the Elven Halls
 53374 | Elf:1    | Reached XP level 20. HP: 116/116 MP: 36/36
 53533 | Elf:1    | Found a deep blue altar of Sif Muna.
 53998 | Elf:1    | Received a gift from Sif Muna
 54373 | Elf:2    | Got an amber-studded ring mail
 54384 | Elf:2    | Identified the +3 ring mail "Zyulegh" {+Fly Int+4} (You acquired it on level 2 of the Elven Halls)
 54433 | Elf:2    | Noticed Nikola
 54510 | Elf:2    | Killed Nikola
 54745 | Elf:2    | Found a runed gate.
 54745 | Elf:2    | Found a runed gate.
 54746 | Elf:2    | Found a runed gate.
 55147 | Elf:2    | Noticed Jorgrun
 55167 | Elf:2    | Killed Jorgrun
 55213 | Elf:2    | Reached skill level 17 in Conjurations
 55842 | Elf:2    | Reached skill level 10 in Fighting
 56288 | Elf:3    | Entered Level 3 of the Elven Halls
 56430 | Elf:3    | Found Voddemm's General Store.
 56480 | Elf:3    | Found Guaduv's Book Shop.
 57779 | Elf:3    | Got a polished quarterstaff {crush}
 57780 | Elf:3    | Identified the +8 quarterstaff of the Skies Above {crush, rElec rF- Dex+6} (You took it off a deep elf annihilator on level 3 of the Elven Halls)
 58031 | Elf:3    | Identified Sif Muna's Guide on Battle Magic and Transmigration (Sif Muna gifted it to you on level 3 of the Elven Halls)
 58031 | Elf:3    | Received a gift from Sif Muna
 58212 | Elf:3    | Reached XP level 21. HP: 116/123 MP: 14/38
 58622 | Elf:3    | Reached skill level 5 in Translocations
 58817 | Elf:3    | Identified the Volume of Envenoming
 58822 | Elf:3    | Learned a level 2 spell: Blink
 58824 | Elf:3    | Learned a level 1 spell: Apportation
 58841 | Elf:3    | Identified the Papyrus of Venomous Companions
 58877 | Elf:3    | Identified Sif Muna's Collected Works on the Gliding Entourage
 59054 | Elf:3    | Identified the +8 hand crossbow of the Past {freeze, rN+ Int+2} (You found it on level 3 of the Elven Halls)
 59059 | Elf:3    | Upgraded the game from 0.20-a0-268-gb6bde61 to 0.20-a0-269-g17f5411
 59576 | D:12     | Noticed Azrael
 59586 | D:12     | Killed Azrael
 60087 | D:13     | Noticed Urug
 60101 | D:13     | Reached skill level 18 in Conjurations
 60106 | D:13     | Killed Urug
 60268 | D:13     | Found a gate to the Vaults.
 60846 | D:13     | Identified the Catalogue of Toxins
 61280 | Vaults:1 | Entered Level 1 of the Vaults
 61293 | D:13     | Identified Sif Muna's Disquisition on the Scorching Compass (Sif Muna gifted it to you on level 13 of the Dungeon)
 61293 | D:13     | Received a gift from Sif Muna
 62138 | Vaults:1 | HP: 2/125 [wolf spider (illusionary) (12)]
 63099 | Vaults:1 | Found Emuprouf's Magic Scroll Emporium.
 63118 | Vaults:1 | Bought a scroll of holy word for 97 gold pieces
 63395 | Vaults:1 | Reached XP level 22. HP: 132/132 MP: 36/39
 64607 | Vaults:1 | Identified Sif Muna's Tome of the Tundras (Sif Muna gifted it to you on level 1 of the Vaults)
 64607 | Vaults:1 | Received a gift from Sif Muna
 65560 | Vaults:2 | Identified the amulet "Toinuy" {rF+ rC+ Regen+ Str-5 Dex+5} (You found it on level 2 of the Vaults)
 66416 | Vaults:2 | Noticed Margery
 66910 | Vaults:2 | Identified Sif Muna's Tome of Clay and Conjuration (Sif Muna gifted it to you on level 2 of the Vaults)
 66910 | Vaults:2 | Received a gift from Sif Muna
 66931 | Vaults:2 | Reached skill level 19 in Conjurations
 67305 | Vaults:2 | Killed Margery
 67558 | Vaults:2 | Learned a level 6 spell: Bolt of Cold
 67771 | Vaults:3 | Noticed Jory
 68191 | Vaults:3 | Killed Jory
 68331 | Vaults:3 | Reached XP level 23. HP: 140/140 MP: 25/41
 68941 | Vaults:3 | Received a gift from Sif Muna
 69305 | Vaults:3 | Reached skill level 15 in Spellcasting
 69494 | Vaults:3 | Found a staircase to the Crypt.
 69494 | Vaults:3 | Found a basalt altar of Yredelemnul.
 69495 | Vaults:3 | Found an ancient bone altar of Kikubaaqudgha.
 70186 | Vaults:3 | Identified Sif Muna's Almanac of Torrid Calling
 70365 | Crypt:1  | Entered Level 1 of the Crypt
 71357 | Crypt:1  | Reached skill level 15 in Fire Magic
 71650 | Crypt:1  | Received a gift from Sif Muna
 72266 | Crypt:2  | Reached skill level 20 in Conjurations
 72479 | Crypt:2  | Upgraded the game from 0.20-a0-269-g17f5411 to 0.20-a0-270-g8e735b6
 72903 | Crypt:2  | Reached XP level 24. HP: 148/148 MP: 38/42
 73088 | Crypt:2  | Noticed Xtahua
 73104 | Crypt:2  | Killed Xtahua
 73247 | Crypt:3  | Entered Level 3 of the Crypt
 73778 | Crypt:3  | Identified the +2 flail "Soigh" {venom, rElec Dex+7} (You found it on level 3 of the Crypt)
 74341 | Crypt:3  | Found a staircase to the Tomb.
 74358 | Crypt:3  | Identified Sif Muna's Catalogue of Flames (Sif Muna gifted it to you on level 3 of the Crypt)
 74358 | Crypt:3  | Received a gift from Sif Muna
 75096 | Crypt:3  | Identified the cursed +1 spear "Bagu Soggui" {pierce, rElec} (You found it on level 3 of the Crypt)
 75439 | Crypt:3  | Identified the Catalogue of Stolen Souls
 75443 | Crypt:3  | Learned a level 1 spell: Animate Skeleton
 75635 | Crypt:3  | Noticed an ancient lich
 75673 | Crypt:3  | Killed an ancient lich
 75856 | Crypt:3  | Noticed an ancient lich
 75975 | Crypt:3  | Found an ancient bone altar of Kikubaaqudgha.
 76024 | Crypt:3  | Killed an ancient lich
 76920 | Vaults:4 | Found a flickering gateway to a bazaar.
 76942 | Bazaar   | Entered a bazaar
 76944 | Bazaar   | Found Riubum's Jewellery Boutique.
 76948 | Bazaar   | Found Kygit's Antique Weapon Boutique.
 76948 | Bazaar   | Found Bailil's General Store.
 76949 | Bazaar   | Found Sots's Weapon Boutique.
 76964 | Bazaar   | Bought a scroll of summoning for 85 gold pieces
 76969 | Bazaar   | Bought a translucent scimitar for 171 gold pieces
 76969 | Bazaar   | Identified the +7 scimitar "Plog" {protect, *Rage rPois rF+++ Int+2} (You bought it in a shop in a bazaar)
 77087 | Vaults:4 | Identified Sif Muna's Almanac of Heat and the Mountains (Sif Muna gifted it to you on level 4 of the Vaults)
 77087 | Vaults:4 | Received a gift from Sif Muna
 78174 | Vaults:4 | Reached skill level 15 in Fighting
 78174 | Vaults:4 | Reached skill level 15 in Earth Magic
 78397 | Vaults:4 | Reached XP level 25. HP: 150/155 MP: 43/43
 79072 | Vaults:1 | Reached skill level 21 in Conjurations
 79628 | D:14     | Reached skill level 5 in Charms
 80111 | D:15     | Entered Level 15 of the Dungeon
 80713 | Elf:3    | Gained mutation: Scrolls take you a little longer to read. [potion of mutation]
 80713 | Elf:3    | Gained mutation: You tend to lose your temper in combat. [potion of mutation]
 80713 | Elf:3    | Gained mutation: You are partially covered in rugged brown scales. (AC +1, +3% HP) [potion of mutation]
 80714 | Elf:3    | Lost mutation: You tend to lose your temper in combat. [potion of cure mutation]
 80714 | Elf:3    | Lost mutation: Scrolls take you a little longer to read. [potion of cure mutation]
 80714 | Elf:3    | Lost mutation: You are partially covered in rugged brown scales. (AC +1, +3% HP) [potion of cure mutation]
 81086 | D:15     | Identified Sif Muna's Papyrus of Damaging Ignition (Sif Muna gifted it to you on level 15 of the Dungeon)
 81086 | D:15     | Received a gift from Sif Muna
 81528 | D:15     | Found a staircase to the Depths.
 81782 | D:13     | Learned a level 5 spell: Bolt of Draining
 81998 | Depths:1 | Entered Level 1 of the Depths
 81998 | Depths:1 | Found Yvaud's General Store.
 82419 | Depths:1 | Paralysed by a sphinx for 4 turns
 82815 | Depths:1 | Reached skill level 15 in Bows
 83271 | Depths:1 | Identified a +4 rod of shadows (14/14) (You found it on level 1 of the Depths)
 83647 | Depths:1 | Identified Jesajit's Grimoire of Scorching Battle Magic (Sif Muna gifted it to you on level 1 of the Depths)
 83647 | Depths:1 | Received a gift from Sif Muna
 83813 | Depths:1 | Identified the +7 great sword "Orishi Qoo" {vamp, SInv} (You found it on level 1 of the Depths)
 83845 | Depths:1 | Found a gateway to Hell.
 84325 | Depths:1 | Found a one-way gate to the infinite horrors of the Abyss.
 84887 | Depths:2 | Reached XP level 26. HP: 163/163 MP: 30/44
 84890 | Depths:2 | Noticed a juggernaut
 86524 | Depths:2 | HP: 8/163 [ogre mage/crystal spear (39)]
 86533 | Depths:2 | Killed a juggernaut
 87082 | Depths:3 | Received a gift from Sif Muna
 87397 | Depths:3 | Learned a level 3 spell: Portal Projectile
 87548 | Depths:3 | Reached skill level 22 in Conjurations
 87588 | Depths:3 | Found a one-way gate leading to the halls of Pandemonium.
 87654 | Depths:3 | Reached skill level 10 in Maces & Flails
 87742 | Depths:3 | Noticed the Enchantress
 88148 | Depths:2 | Killed the Enchantress
 88157 | Depths:2 | Got faerie dragon scales
 88168 | Depths:2 | Identified the +6 faerie dragon scales {MR+ rCorr} (You took it off the Enchantress on level 2 of the Depths)
 88386 | Depths:2 | Gained mutation: Your magical capacity is low. (-10% MP) [mutagenic meat]
 88387 | Depths:2 | Gained mutation: You have a somewhat thin skeletal structure. (Dex +2, Stealth) [mutagenic meat]
 88388 | Depths:2 | Gained mutation: You are weak. (Str -2) [mutagenic meat]
 88388 | Depths:2 | Lost mutation: You are weak. (Str -2) [potion of cure mutation]
 88388 | Depths:2 | Lost mutation: Your magical capacity is low. (-10% MP) [potion of cure mutation]
 88388 | Depths:2 | Lost mutation: You have a somewhat thin skeletal structure. (Dex +2, Stealth) [potion of cure mutation]
 88469 | Depths:3 | Found Byebiyc's General Store.
 88477 | Depths:3 | Bought a potion of heal wounds for 120 gold pieces
 89061 | Depths:4 | Gained mutation: You have an increased reservoir of magic. (+10% MP) [mutagenic meat]
 89062 | Depths:4 | Gained mutation: You expend magic power (3 MP) to strengthen your wands. [mutagenic meat]
 89063 | Depths:4 | Gained mutation: You passively map a small area around you. [mutagenic meat]
 89064 | Depths:4 | Lost mutation: You have an increased reservoir of magic. (+10% MP) [mutagenic meat]
 89065 | Depths:4 | Gained mutation: You are partially covered in thin metallic scales. (AC +2) [mutagenic meat]
 89228 | Depths:4 | Identified the +9 chain mail of the Jabberwock {rF++} (You found it on level 4 of the Depths)
 89944 | Depths:4 | Reached skill level 10 in Armour
 89954 | Depths:4 | Identified Sif Muna's Compendium of the Entourage and the Volcanoes (Sif Muna gifted it to you on level 4 of the Depths)
 89954 | Depths:4 | Received a gift from Sif Muna
 90446 | Depths:4 | Found a gateway to a ziggurat.
 90449 | Depths:4 | Reached XP level 27. HP: 168/168 MP: 37/45
 91014 | Depths:4 | Found Oschet's Gadget Boutique.
 91014 | Depths:4 | Found Ikyev's Jewellery Emporium.
 91015 | Depths:4 | Found Veunkeu's Gadget Boutique.
 91032 | Depths:4 | Noticed Boris
 91056 | Depths:4 | Killed Boris
 92086 | Depths:4 | Paralysed by a floating eye for 4 turns
 92544 | Depths:5 | Entered Level 5 of the Depths
 93532 | Depths:5 | Found Nigaah's Distillery.
 93532 | Depths:5 | Found Eseittik's General Store.
 93533 | Depths:5 | Found Hoah Jat's Assorted Antiques.
 93535 | Depths:5 | Found Weblaota's Antique Weapon Shop.
 94015 | Depths:5 | Bought the +8 whip "Snakebite" {curare, rPois} for 1463 gold pieces
 94027 | Depths:5 | Bought a potion of beneficial mutation for 770 gold pieces
 94027 | Depths:5 | Gained mutation: You are robust. (+10% HP) [potion of beneficial mutation]
 94631 | Depths:5 | Found a gate to the Realm of Zot.
 94699 | Depths:4 | Noticed a juggernaut
 94723 | Depths:4 | Killed a juggernaut
 95097 | Depths:4 | Identified Sif Muna's Handbook of Earthen Damage Dealing (Sif Muna gifted it to you on level 4 of the Depths)
 95097 | Depths:4 | Received a gift from Sif Muna
 96042 | Slime:1  | Entered Level 1 of the Pits of Slime
 97405 | Slime:4  | Noticed Dissolution
 97407 | Slime:5  | Entered Level 5 of the Pits of Slime
 98011 | Slime:5  | Noticed the Royal Jelly
 98051 | Slime:5  | Identified the Collected Works on Gliding Contamination
 98256 | Slime:5  | Got a slimy rune of Zot
 98510 | Slime:5  | Reached skill level 23 in Conjurations
 98697 | Slime:5  | Found a viscous altar of Jiyva.
 98731 | Slime:5  | Identified the cursed +1 great sword "Vatsuxko" {slice, +Inv rF+++ MR- Int-3} (You found it on level 5 of the Pits of Slime)
 98812 | Lair:5   | Upgraded the game from 0.20-a0-270-g8e735b6 to 0.20-a0-277-g7db01f4
 99276 | Lair:3   | Learned a level 6 spell: Deflect Missiles
 99734 | Vaults:5 | Entered Level 5 of the Vaults
100145 | Vaults:4 | Identified Sif Muna's Guide on Destructive Unholy Arts (Sif Muna gifted it to you on level 4 of the Vaults)
100145 | Vaults:4 | Received a gift from Sif Muna
100847 | Lair:3   | Learned a level 3 spell: Regeneration
101774 | Depths:3 | Reached skill level 1 in Air Magic
102577 | Vaults:5 | Noticed an ancient lich
102599 | Vaults:5 | Killed an ancient lich
103119 | Vaults:5 | Identified Archymisa's Papyrus of Attacks (Sif Muna gifted it to you on level 5 of the Vaults)
103119 | Vaults:5 | Received a gift from Sif Muna
103525 | Vaults:5 | Got a warped tin amulet
103528 | Vaults:5 | Identified the amulet of Xom's Malicious Joy {rPois rN++ Regen+ Dex-2 SInv} (You took it off a vault sentinel on level 5 of the Vaults)
103623 | Vaults:5 | Got a heavily runed tin ring
103923 | Vaults:5 | Noticed Mennas
104211 | Vaults:4 | Killed Mennas
104929 | Vaults:5 | Identified Sif Muna's Grimoire of Flames and Intoxication (Sif Muna gifted it to you on level 5 of the Vaults)
104929 | Vaults:5 | Received a gift from Sif Muna
104954 | Vaults:5 | Got an ancient bone ring
104955 | Vaults:5 | Identified the ring of Moral Flaws {rF+ Str-5 Int+7 Dex+4 Stlth-} (You took it off a vault sentinel on level 5 of the Vaults)
104957 | Vaults:5 | Identified the ring "Jekif" {EV+3 Str+3 Dex+4} (You took it off a fire giant on level 5 of the Vaults)
104968 | Vaults:5 | Identified the +5 scale mail of Complete Protection {+Fly MR+++ rCorr Dex-4} (You found it on level 5 of the Vaults)
105023 | Vaults:5 | Got a silver rune of Zot
105578 | Zot:1    | Entered Level 1 of the Realm of Zot
106900 | Zot:1    | Reached skill level 24 in Conjurations
106945 | Zot:1    | HP: 6/189 [golden dragon (30)]
106945 | Zot:1    | Slain by a golden dragon

Vault maps used:
D:1:      scummos_arrival_simple_fountains
D:2:      minivault_24
D:3:      kennysheep_goblin_castle, uniq_grinder
D:4:      nicolae_ru_the_path_less_chosen, kennysheep_generic_room_12
D:5:      serial_shops, kennysheep_little_box, first_bread,
          nicolae_ossuary_entry_ruins
D:6:      yredelemnul_forgotten_temple_becter, serial_shops,
          nicolae_shop_window_shopping, water_boxes_lemuel
D:7:      xom_shifter_show, uniq_joseph, uniq_menkaure, uniq_crazy_yiuf_cottage
D:8:      serial_shops, nicolae_shop_stone, nicolae_shop_crystal,
          hangedman_ranch
D:9:      lemuel_bear_cage, chequers_temple_overflow_statue_of_worship,
          grunt_temple_overflow_open, basic_altar
D:10:     basic_altar
D:11:     lair_entry_dummy, david_orc_4, uniq_sonja, uniq_josephine
D:12:     minmay_misc_feat_pillars, uniq_azrael
D:13:     hourglass_vault, david_vaults_3
D:14:     infiniplex_staircase_zigzag_4, nrook_mini_vaults, minmay_door_square
D:15:     hangedman_depths_entry_try_elsewhere_first
Temple:   eino_temple_water
Lair:1:   beast_lair_carwin_11, uniq_fannar, uniq_gastronok
Lair:2:   nicolae_volcano_entry_lava_flow, lemuel_fruit_tree
Lair:3:   shoals_dummy_entry, lemuel_fruit_fields, serial_bayou_shore_b,
          uniq_snorg, uniq_rupert
Lair:4:   minmay_snake_entry_guardpost_medium, grunt_megastairs_4,
          infiniplex_staircase_pool_2, serial_bayou_shore_b
Lair:5:   dpeg_slime_entry_enclosed_altar
Lair:6:   hangedman_lair_caniforms_friends, wormcave, lemuel_fruit_fields
Shoals:1: cheibrodos_shoals_roost, uniq_kirke
Shoals:2: uniq_donald, uniq_louise
Shoals:3: serial_shops, shop
Shoals:4: shoals_end_grunt_ice, shoals_ilsuiw_alternative
Snake:1:  serial_shops, nicolae_shop_trees
Snake:2:  spider_trap, grunt_megastairs_1, uniq_vashnia
Snake:4:  johnstein_snake_rune_scales, serial_shops, shop, serial_bayou_shore_b
Slime:1:  nicolae_slime_jelly_donut
Slime:4:  uniq_dissolution
Orc:2:    st_orc_town, portal_ice_cave_entry_pillars_2
Elf:1:    basic_altar, hangedman_elf_disciples
Elf:2:    moated_statue, uniq_jorgrun, uniq_nikola
Elf:3:    minmay_elf_hall_four_x, serial_shops, shop, shop
Vaults:1: vaults_mumra_hex, v_misc_11, v_pattern_3, nicolae_vaults_angled_halls,
          ontoclasm_vaults_pinch, hangedman_vaults_stream,
          vaults_room_door_ring, serial_shops, nicolae_shop_crystal
Vaults:2: vaults_room_octagon, dpeg_vaults_pockets_of_resistance,
          grunt_vaults_swirl, nicolae_vaults_what_the_h,
          grunt_vaults_hallway_long, v_misc_15, ontoclasm_vaults_bender,
          v_alt_pattern_1, ontoclasm_vaults_twist,
          ontoclasm_vaults_loading_screen, v_misc_5, v_misc_2, uniq_margery
Vaults:3: v_misc_4, vaults_dpeg_ring, vaults_room_octagon, v_misc_13,
          vaults_mumra_minichess, vaults_mumra_minichess_inversion,
          nicolae_vaults_little_squares_1, minmay_crypt_entry_necro_gods,
          ontoclasm_vaults_ring_square, ontoclasm_vaults_claustrophobia,
          v_pattern_5, ontoclasm_vaults_chip, ontoclasm_vaults_shuriken,
          ontoclasm_vaults_gateway, vaults_room_door_hall, uniq_jory
Vaults:4: ontoclasm_vaults_tryst, grunt_vaults_hallway_short,
          ontoclasm_vaults_decontamination, nicolae_vaults_network_square,
          nicolae_vaults_octagons, ontoclasm_vaults_eye, serial_shops,
          bzr_in_the_mist
Vaults:5: uniq_mennas
Crypt:1:  serial_sigils_hangedman_gut, lemuel_dead_fish_pool,
          wad_floor_pattern_untrapped, minivault_5
Crypt:2:  small_statue_intersection, roderic_lattice_octagonal_star, uniq_xtahua
Crypt:3:  quadcrypt_mu
Depths:1: grunt_x_marks_the_spot, hell_entry, minmay_room_of_horrors,
          serial_shops, shop, minmay_orc_keep
Depths:2: hangedman_arrow_trap, hell_entry, minmay_staircase_windowed_small,
          firewood_loft
Depths:3: kennysheep_blocky_hall, pan_entry, grunt_metal_band,
          minmay_staircase_statues, minmay_shop_star, uniq_enchantress
Depths:4: minmay_isolated_rectangles_in_corner, enter_ziggurat_c,
          minmay_fountain_box, abyss_entry_small_statue_room, hell_entry,
          infiniplex_staircase_diamond, grunt_megastairs_2, minmay_shop_grove,
          uniq_boris
Depths:5: evilmike_zot_entry_diamond, hell_entry, serial_bayou_pond_c,
          serial_bayou_shore_a, minmay_shoptagon
Zot:1:    lemuel_halls_of_wrath
Bazaar:   bazaar_minmay_cross
Ossuary:  ossuary_tomb_3
IceCv:    ice_cave_small_necro
Volcano:  volcano_bunker

Skill      XL: |  1  2  3  4  5  6  7  8  9 10 11 12 13 14 15 16 17 18 19 20 21 22 23 24 25 26 27 |
---------------+----------------------------------------------------------------------------------+-----
Maces & Flails | 1 2 3 4 5 6 7 8 9 10 12 | 12.6
Conjurations   | 2 3 4 5 7 8 10 11 12 13 14 15 16 17 18 19 20 21 22 24 | 24.0
Dodging        | 2 3 4 5 6 7 8 |  8.5
Spellcasting   | 3 4 5 6 7 8 9 10 11 12 13 14 15 16 17 18 20 | 20.0
Fire Magic     | 4 5 6 7 8 9 10 12 13 14 15 16 | 16.0
Fighting       | 1 2 4 5 6 7 8 9 10 11 13 14 15 16 17 | 17.6
Bows           | 2 3 4 6 7 8 10 12 13 14 15 16 | 16.0
Stealth        | 3 4 5 6 |  6.8
Hexes          | 1 |  1.4
Armour         | 2 5 6 7 11 14 | 14.5
Earth Magic    | 11 12 13 15 17 | 17.1
Translocations | 1 2 3 4 5 6 7 8 |  8.4
Invocations    | 2 |  2.1
Ice Magic      | 6 10 11 12 | 12.5
Charms         | 1 2 3 4 5 8 |  8.1
Evocations     | 1 2 |  2.2
Air Magic      | 4 |  4.9
Unarmed Combat | |  0.2
Transmutations | |  0.1

Action                   |  1- 3 |  4- 6 |  7- 9 | 10-12 | 13-15 | 16-18 | 19-21 | 22-24 | 25-27 || total
-------------------------+-------+-------+-------+-------+-------+-------+-------+-------+-------++-------
Melee: Whip              |    54 |    22 |       |       |       |       |       |       |    42 ||   118
       Unarmed           |     5 |       |       |       |       |       |       |       |       ||     5
       Flail             |       |    67 |   113 |    39 |   136 |       |   199 |    94 |  1219 ||  1867
       Dagger            |       |    18 |       |       |       |       |       |       |       ||    18
       Mace              |       |       |       |    82 |       |       |       |       |       ||    82
       Falchion          |       |       |       |     3 |       |       |       |       |       ||     3
       Morningstar       |       |       |       |       |   109 |       |       |       |       ||   109
       Punch             |       |       |       |       |       |       |       |     1 |     3 ||     4
 Fire: Shortbow          |       |       |    19 |   152 |   512 |   692 |  1268 |  1588 |  1920 ||  6151
 Cast: Flame Tongue      |    47 |   123 |   214 |   300 |   192 |       |       |       |       ||   876
       Throw Flame       |       |    38 |    41 |   116 |   241 |   298 |    58 |    37 |   100 ||   929
       Sticky Flame      |       |       |     3 |    49 |    66 |    28 |    36 |    69 |    99 ||   350
       Conjure Flame     |       |       |     1 |    14 |     3 |       |       |       |       ||    18
       Fireball          |       |       |       |     4 |    40 |    62 |    55 |    78 |   107 ||   346
       Dazzling Spray    |       |       |       |     2 |    28 |       |       |       |       ||    30
       Force Lance       |       |       |       |       |   146 |   151 |   109 |   109 |   101 ||   616
       Lee's Rapid Decon |       |       |       |       |     9 |     3 |    13 |    86 |   221 ||   332
       Iskenderun's Myst |       |       |       |       |     2 |     6 |    20 |    23 |    26 ||    77
       Ozocubu's Armour  |       |       |       |       |       |    26 |    26 |    25 |    18 ||    95
       Shroud of Golubri |       |       |       |       |       |    13 |    10 |    19 |    42 ||    84
       Bolt of Fire      |       |       |       |       |       |     4 |    14 |    20 |     1 ||    39
       Repel Missiles    |       |       |       |       |       |     2 |    10 |    10 |    10 ||    32
       Delayed Fireball  |       |       |       |       |       |       |     8 |     8 |     9 ||    25
       Blink             |       |       |       |       |       |       |       |     3 |    12 ||    15
       Animate Skeleton  |       |       |       |       |       |       |       |    21 |   276 ||   297
       Bolt of Draining  |       |       |       |       |       |       |       |       |   136 ||   136
       Passwall          |       |       |       |       |       |       |       |       |     2 ||     2
       Portal Projectile |       |       |       |       |       |       |       |       |    22 ||    22
       Regeneration      |       |       |       |       |       |       |       |       |     9 ||     9
       Deflect Missiles  |       |       |       |       |       |       |       |       |     5 ||     5
Invok: Divine Energy     |       |       |       |     1 |       |     1 |       |       |       ||     2
       Forget Spell      |       |       |       |       |     1 |       |       |       |     2 ||     3
       Stop Divine Energ |       |       |       |       |       |     1 |       |       |       ||     1
       Channel Magic     |       |       |       |       |       |       |       |     1 |     1 ||     2
 Abil: Fly               |       |       |       |       |     1 |     6 |       |       |     4 ||    11
       Stop Flying       |       |       |       |       |       |     6 |       |       |     5 ||    11
       Release Delayed F |       |       |       |       |       |       |     8 |     8 |     9 ||    25
Evoke: Wand              |       |       |       |       |     2 |    22 |     2 |    17 |     2 ||    45
       Fan of gales      |       |       |       |       |       |     2 |       |     1 |       ||     3
       Disc of storms    |       |       |       |       |       |       |     2 |       |       ||     2
       Rod               |       |       |       |       |       |       |       |       |     1 ||     1
  Use: Scroll            |     2 |    12 |     9 |     6 |    13 |     9 |    25 |    10 |    15 ||   101
       Potion            |       |     2 |     3 |     1 |     6 |     3 |     1 |       |    12 ||    28
 Stab: Sleeping          |       |     1 |     1 |     1 |     2 |       |     2 |       |     2 ||     9
       Distracted        |       |     1 |       |       |       |       |       |       |    25 ||    26
  Eat: Chunk             |     3 |    11 |    24 |    46 |    79 |    66 |    91 |   114 |   157 ||   591
       Beef jerky        |       |     1 |       |       |     3 |       |       |       |       ||     4
       Pizza             |       |     1 |       |       |       |       |       |       |       ||     1
       Fruit             |       |       |       |     1 |       |     5 |       |     2 |     2 ||    10
       Bread ration      |       |       |       |       |       |       |       |     2 |     1 ||     3
       Meat ration       |       |       |       |       |       |       |       |     1 |     1 ||     2
Armor: Robe              |    40 |    45 |    29 |    41 |    45 |       |       |       |       ||   200
       Skin              |       |       |    48 |   108 |       |       |       |       |     1 ||   157
       Leather armour    |       |       |       |       |   215 |   177 |   254 |   219 |   263 ||  1128
       Acid dragon scale |       |       |       |       |       |       |       |       |   679 ||   679
       Chain mail        |       |       |       |       |       |       |       |       |   320 ||   320
Dodge: Dodged            |    53 |    82 |   104 |   175 |   405 |   363 |   392 |   449 |  1470 ||  3493
       Deflected         |       |       |       |       |       |     4 |    33 |    47 |   128 ||   212
Block: Other             |       |       |       |     1 |    35 |    40 |    42 |    30 |   124 ||   272
       Reflection        |       |       |       |       |     2 |    10 |     7 |     9 |    36 ||    64
       Buckler           |       |       |       |       |       |       |       |       |   281 ||   281
       Rpst.: Falchion   |       |       |       |     1 |       |       |       |       |       ||     1
